[Event "CHN-chT"]
[Site "China"]
[Date "2015.07.27"]
[Round "11.13"]
[White "Malakhov, Vladimir"]
[Black "Liu, Qingnan"]
[Result "1-0"]
[ECO "B91"]
[WhiteElo "2706"]
[BlackElo "2510"]
[Annotator "Primel,D"]
[PlyCount "95"]
[EventDate "2015.04.10"]
[EventType "team-match"]
[EventRounds "22"]
[EventCountry "CHN"]
[SourceTitle "EXT 2019"]
[Source "ChessBase"]
[SourceDate "2018.10.10"]
[SourceVersion "1"]
[SourceVersionDate "2018.10.10"]
[SourceQuality "1"]
[WhiteTeam "Tianjing"]
[BlackTeam "Shandong"]
[WhiteTeamCountry "CHN"]
[BlackTeamCountry "CHN"]
[TimeControl "5400+30"]

1. e4 c5 2. Nf3 d6 3. d4 cxd4 4. Nxd4 Nf6 5. Nc3 a6 6. g3 $5 {Une variante
solide} e5 (6... e6) 7. Nde2 {le Ne2 sera ensuite recyclé vers l'aile-roi par
h3g4 et Ng3} (7. Nb3 Be7 8. Bg2 b5 (8... O-O) 9. a4 b4 10. Nd5 Nxd5 11. Qxd5
Ra7 12. Be3 Be6 $132 {Leko,P (2752)-Grischuk,A (2736) Wch Blitz 4th 2009 (14)
0-1}) 7... Be7 8. Bg2 O-O {Les Noirs ont aussi le choix de jouer des
poisitions plus aigues en retardant le roque avec la poussée b5} (8... b5 $5
9. h3 (9. Nd5) 9... Nbd7 10. g4 b4 $1 11. Nd5 Nxd5 12. exd5 a5 13. O-O h5 $5 14. gxh5 Rxh5 15. Nd4 {Alekseev,E (2708)-Dominguez Perez,L 
(2708) Biel GM 41st 2008 (8) 0-1} (15. Nf4 $142)) 9. a4 Nc6 (9... Be6 10. O-O
Nbd7 11. h3 Rc8 12. Be3) 10. O-O Be6 11. Nd5 (11. h3 Nb4 12. f4
Qc8 $6 (12... Rc8 13. Be3 d5 $1 14. fxe5 Nxe4 {Al Qudaimi,B (2405)-Al Sayed,M 
(2501) Arab-ch Elite 3rd 2015 (5) 0-1}) 13. f5 $14 {Eliskases,E-Pilnik,H Mar
del Plata 1953 (18) 0-1}) 11... Rc8 (11... Bxd5 12. exd5 Nb8 13. a5 Nbd7 14. b3
Rc8 15. c4 $14 Qc7 16. Nc3 Rfe8 17. Be3 Bf8 18. Re1 g6 19. Na4 {1/2-1/2 (19)
Manolov,I (2259)-Enchev,I (2302) Sunny Beach 2007}) 12. b3 $146 (12. Be3 Bxd5
13. exd5 Nb8 14. h3 Nbd7 15. c3 Re8 16. a5 Bf8 17. g4 g6 18. Ng3 h6 19. Qd2 Kh7
20. b4 Qc7 21. Ra3 Qc4 22. Rd1 e4 23. Bf1 Qc7 24. Bd4 Nxd5 25. c4 N5f6 26. Rc3
Ne5 27. Qc2 Qc6 28. b5 Nf3+ 29. Rxf3 {1-0 (29) Bruno,E (2266)-Fusco,L (2296)
Buenos Aires 2004}) 12... Bg4 $6 13. Ne3 $1 {[%cal Ge3g4,Ge3c2] Gagnant un
tempo important et le Ne3 occupe une excellente case centrale défendant la
faiblesse c2 tout en pouvant s'activer à l'aile-roi} Bh5 14. Bb2 Bg6 15. Nc3
$1 Nb4 $6 {[%csl Gd5] Un coup naturel pour lutter pour le
contrôle de la case "d5" tout en faisant pression sur "c2" mais les Blancs
vont trouver une forte idée} 16. a5 $1 $14 Re8 (16...
Nc6 17. Ned5 $1 Nxd5 18. Nxd5 $16) 17. Ra4 d5 {[%cal Ge7b4]
Tente de pêcher en eaux troubles mais les compensations Noires sont
insuffisantes} 18. Ncxd5 Nfxd5 19. exd5 {[%csl Rb4,Gc6][%cal Gb2a3] Menace de
gagner le N par Ba3} Bc5 $8 20. Qe2 Qd7 (20... Bxe3 21. Rxb4 Rxc2 22. Qxe3 Rxb2 23. Rxb7 Qxa5 (23... Qd6 24. Rb6) 24. Qxe5 ) 21. Bc3 Nxc2 $1 22. Nxc2 Bd4 23. Bxd4 exd4 (23...
Rxc2 24. Qd1 exd4 25. Rxd4 $16 ) 24. Qd2 Bxc2 25. Qxd4 f5 $6 {
[%csl Re6,Rg8][%cal Gc2e4] Très affaiblissant} 26. d6 $1 {[%csl Rb7,Gd6,Gg2]
Le P passé est trés fort} Be4 27. Bxe4 Rxe4 28. Qd5+ Qf7 29. Qd3 $1 Rxa4 30.
bxa4 {L'échange de la R n'a pas soulagé la défense des Noirs malgré
l'affaiblissement de la structure des Blancs} Qe6 31. d7 {Forçant la R Noire
à occuper une positon passive et le K Noir devra monter au centre pour tenter
de participer à l'attaque du P passé mais au risque d'échec intermédiaire}
Rd8 32. Rd1 Kf7 {Courageusement le K tente de monter au centre mais avec les Q,
c'est trés risqué} 33. Qd4 Qe4 $5 {[%cal Ge4a4] Permet de forcer l'échange
des Q mais toutes les finales de R ne sont pas toujours nulles} 34. Qxe4 $8 (
34. Qb6 Qxa4 ) 34... fxe4 35. Rd4 Kf6 (35... Ke6 36. Rxe4+
Kxd7 37. Rd4+ Kc7 38. Rxd8 Kxd8 39. Kf1 Kd7 40. Ke2 Kd6 41. Kd3 Kd5 (41... Kc5 42. Kc3) 42. f3 $18 Kc5 43. Kc3) 36. Kf1 Ke5 37. Rd1 Ke6
38. Ke2 Rxd7 39. Rxd7 Kxd7 40. Ke3 Kc6 41. Kxe4 b5 (41... Kc5 42. f4 (42. Kd3
$2 Kb4) (42. Ke5 Kb4 43. Ke6 Kxa5 44. Kf7 b5 45. axb5 axb5 46. Kxg7 b4 47. Kxh7
b3 48. f4 b2 49. f5 b1=Q) 42... Kb4 43. g4 Kxa5 44. f5 Kxa4 45. g5 b5 46. f6
gxf6 47. gxf6 b4 48. f7 b3 49. f8=Q) 42. axb6 Kxb6 43. f4 Ka5 44. g4 Kxa4 45.
f5 Kb4 46. g5 Kc5 47. Ke5 Kc6 48. Ke6 1-0